 Dungeon Crawl Stone Soup version 0.23.0 (webtiles) character file.

Game seed: 4677845978327231188

8258 grindst0ne the Fighter (level 11, -1/90 HPs)
             Began as a Human Wanderer on Feb 9, 2019.
             Was a High Priest of Makhleb.
             Killed from afar by a guardian serpent (11 damage)
             ... with a bolt of poison
             ... on level 1 of the Abyss.
             The game lasted 00:29:47 (14469 turns).

grindst0ne the Fighter (Human Wanderer)            Turns: 14469, Time: 00:29:47

Health: -1/90      AC: 17    Str: 15    XL:     11   Next: 52%
Magic:  16/16      EV:  8    Int: 11    God:    Makhleb [*****.]
Gold:   605        SH:  0    Dex: 15    Spells: 10/10 levels left

rFire    . . .     SeeInvis .   a - +2 dagger (venom)
rCold    . . .     Gourm    .   (no shield)
rNeg     . . .     Faith    +   v - +0 chain mail
rPois    .         Spirit   .   F - +2 helmet
rElec    .         Reflect  .   y - +0 cloak {MR+}
rCorr    .         Harm     .   s - +0 pair of gloves
MR       +....                  (no boots)
Stlth    ..........             O - amulet of faith
HPRegen  0.25/turn              z - ring of flight
MPRegen  0.15/turn              (no ring)

@: lethally poisoned (-1 -> -8), about to teleport, hasted, very quick
A: no striking features
a: Minor Destruction, Lesser Servant of Makhleb, Major Destruction, Greater
Servant of Makhleb, Renounce Religion, Evoke Flight


You were on level 1 of the Abyss.
You worshipped Makhleb.
Makhleb was extremely pleased with you.
You were very hungry.

You visited 1 branch of the dungeon, and saw 11 of its levels.
You visited the Abyss 1 time.

You collected 910 gold pieces.
You spent 305 gold pieces at shops.

Inventory:

Hand Weapons
 a - a +2 dagger of venom (weapon)
 b - a +5 hunting sling of flaming
 o - a +4 scimitar
 u - a +2 hand axe
 H - a +4 shortbow
Missiles
 w - 29 sling bullets
 C - 5 throwing nets (quivered)
 Q - 8 tomahawks
Armour
 s - a +0 pair of gloves (worn)
 v - a +0 chain mail (worn)
 y - a +0 cloak of magic resistance (worn)
 F - a +2 helmet (worn)
 J - a +2 plate armour of fire resistance
 M - +0 steam dragon scales
Magical Staves
 R - an uncursed staff of fire {unknown}
Jewellery
 z - a ring of flight (left hand)
 K - an uncursed ring of ice
 O - an amulet of faith (around neck)
Wands
 t - a wand of clouds (5)
 B - a wand of polymorph (7)
Scrolls
 c - 3 scrolls of blinking
 g - 6 scrolls of remove curse
 i - a scroll of enchant armour
 k - 5 scrolls of amnesia {unknown}
 m - a scroll of immolation
 n - 4 scrolls of teleportation
 p - a scroll of random uselessness {unknown}
 q - a scroll of identify
 r - a scroll of magic mapping
 x - a scroll of brand weapon {unknown}
 D - 2 scrolls of noise
 E - 2 scrolls of enchant weapon
 L - a scroll of torment {unknown}
 P - a scroll of fog {unknown}
Potions
 e - a potion of curing
 f - a potion of might
 h - a potion of flight
 j - 2 potions of ambrosia
 l - 3 potions of mutation
 G - 2 potions of brilliance {unknown}
 I - 2 potions of degeneration {unknown}
 N - 2 potions of cancellation {unknown}
Comestibles
 d - 17 rations


   Skills:
 - Level 10.1 Fighting
 - Level 6.2 Axes
 + Level 9.7 Armour
 + Level 3.4 Dodging
 - Level 1.0 Stealth
 - Level 7.0 Invocations
 - Level 6.1 Evocations


You had 10 spell levels left.
You didn't know any spells.
Your spell library contained the following spells:

 Spells                   Type           Power        Failure   Level  Hunger
 Confusing Touch          Hex            #.....       99%         1    ##.....
 Summon Small Mammal      Summ           #...         99%         1    ##.....
 Call Imp                 Summ           #.......     100%        2    ###....
 Call Canine Familiar     Summ           #.......     100%        3    ####...
 Confuse                  Hex            #.......     100%        3    ####...
 Gell's Gravitas          Tloc           #.........   100%        3    ####...
 Summon Guardian Golem    Hex/Summ       #.......     100%        3    ####...
 Petrify                  Tmut/Erth      #.......     100%        4    #####..
 Summon Ice Beast         Ice/Summ       #.......     100%        4    #####..
 Summon Lightning Spire   Summ/Air       #.......     100%        4    #####..
 Bolt of Magma            Conj/Fire/Erth #.........   100%        5    ######.
 Iskenderun's Battlesphe  Conj/Chrm      #.......     100%        5    ######.
 Metabolic Englaciation   Hex/Ice        #.........   100%        5    ######.
 Venom Bolt               Conj/Pois      #.........   100%        5    ######.
 Yara's Violent Unravell  Hex/Tmut       #.........   100%        5    ######.
 Iron Shot                Conj/Erth      #.........   100%        6    #######
 Orb of Destruction       Conj           #.........   100%        7    #######
 Spellforged Servitor     Conj/Summ      #.........   100%        7    #######


Dungeon Overview and Level Annotations

Branches:
Dungeon (10/15)            Temple (0/1) D:7            Lair (0/6) D:8
    Orc: D:9-12

Altars:
Cheibriados
Dithmenos
Fedhas
Hepliaklqana
Makhleb
Okawaru
Uskayaw
Vehumet
Wu Jian
Xom
Yredelemnul
Zin

Shops:
D:6 *   D:7 ?   D:8 [%

Annotations:
D:3 exclusion: oklob plant
D:7 exclusion: statue


Message History

You are engulfed in a cloud of scalding steam.
You feel yourself growing ill in the presence of the ancient zyme.
The guardian serpent is engulfed in a cloud of scalding steam.
The guardian serpent hits you but does no damage.
You are engulfed in a cloud of scalding steam.
The guardian serpent is engulfed in a cloud of scalding steam.
A smoke demon comes into view.
The guardian serpent casts a spell at you.
The bolt of poison hits you!
You are poisoned.
* * * LOW HITPOINT WARNING * * *
Found a phial of floods.
You feel better. The guardian serpent hits you!
* * * LOW HITPOINT WARNING * * *
The guardian serpent barely misses you.
You feel yourself speed up. The guardian serpent barely misses you.
The guardian serpent coils itself and waves its upper body at you.
The bolt of poison hits you!
You are poisoned.
You die...

#.##... ###.#.#. .
.##......##.##...#...#
##.. ..
...#.#.........
..#.#.###.#3N#..##.##.
........x.#...... ..#
##.#...4...#. #.#. #
#.#.##S##.N 4...#.###
#....#.3.###.######.
#.#@#3#..#..#....#.
#.###...## .#N..## ...
## .. #.#.## #..###.
###..#... ##.#
###..#.# .#. . ... #
ยง #. .## # #. #. ## .


You could see an ancient zyme, a hellwing, a guardian serpent, a naga mage and a
smoke demon.

Vanquished Creatures
  A two-headed ogre (D:10)
  Maurice (D:8)
  Joseph (D:7)
  A troll (D:8)
  Grinder (D:4)
  A hornet (D:8)
  2 hippogriffs
  A wraith (D:8)
  A steam dragon (D:10)
  2 hungry ghosts
  Edmund (D:4)
  A soldier ant (D:9)
  5 ice beasts
  2 orc warriors
  3 sky beasts
  2 necrophages (D:9)
  6 ogres
  6 phantoms
  6 centaurs
  Blork the orc (D:6)
  A big kobold (D:8)
  3 bullfrogs
  A wyvern skeleton (D:9)
  7 scorpions
  4 wights (D:9)
  An electric eel (D:8)
  A bullfrog zombie (D:6)
  7 crimson imps
  A centaur zombie (D:8)
  2 quasits
  2 orc priests
  6 hounds
  A centaur skeleton (D:8)
  3 jellies
  A gnoll shaman (D:8)
  4 iguanas
  6 orc wizards
  9 worker ants
  2 killer bee zombies
  2 hound skeletons
  A worker ant zombie (D:6)
  Robin (D:3)
  15 adders
  19 gnolls
  3 shadow imps
  An ooze (D:3)
  2 adder skeletons
  An adder zombie (D:6)
  4 worms
  4 dart slugs
  8 leopard geckos
  38 orcs
  9 giant cockroaches
  2 gnoll zombies (D:3)
  18 goblins
  13 hobgoblins
  9 jackals
  5 quokkas
  3 ball pythons
  A ball python skeleton (D:6)
  6 bats
  4 frilled lizards
  8 kobolds
  A leopard gecko skeleton (D:6)
  A quokka skeleton (D:5)
  9 rats
295 creatures vanquished.

Vanquished Creatures (others)
  2 howler monkeys (D:7)
2 creatures vanquished.

Grand Total: 297 creatures vanquished

Notes
Turn   | Place    | Note
-------+----------+-------------------------------------------
     0 | D:1      | grindst0ne the Human Wanderer began the quest for the Orb.
     0 | D:1      | grindst0ne set off with the following items: a +2 hand axe,
                  | 2 potions of lignification, a +0 robe, a ration
     0 | D:1      | Reached XP level 1. HP: 21/21 MP: 1/1
    53 | D:1      | Reached XP level 2. HP: 24/27 MP: 2/2
  1083 | D:2      | Reached XP level 3. HP: 33/33 MP: 3/3
  1481 | D:2      | Reached XP level 4. HP: 38/39 MP: 4/4
  1753 | D:2      | Found a shadowy altar of Dithmenos.
  1753 | D:2      | Found an ornate altar of the Wu Jian Council.
  2202 | D:2      | Reached XP level 5. HP: 30/45 MP: 5/5
  2304 | D:3      | Noticed Robin
  2647 | D:3      | Killed Robin
  2951 | D:3      | Found a basalt altar of Yredelemnul.
  2982 | D:3      | Found a burning altar of Makhleb.
  2995 | D:3      | Became a worshipper of Makhleb the Destroyer
  3112 | D:3      | Reached XP level 6. HP: 47/52 MP: 6/6
  3148 | D:3      | Reached skill level 6 in Fighting
  3520 | D:3      | Found a blossoming altar of Fedhas.
  3533 | D:3      | Noticed an oklob plant
  3746 | D:3      | Reached * piety under Makhleb
  4297 | D:4      | You fall through a shaft for 2 floors!
  4308 | D:6      | Reached XP level 7. HP: 57/59 MP: 7/7
  4484 | D:6      | Found a shimmering altar of Xom.
  4506 | D:5      | Entered Level 5 of the Dungeon
  4506 | D:5      | You fall through a shaft for 2 floors!
  4512 | D:7      | Found Vof Baun's Magic Scroll Emporium.
  4521 | D:7      | Bought a scroll of identify for 26 gold pieces
  4521 | D:7      | Bought a scroll of remove curse for 39 gold pieces
  4617 | D:7      | Noticed a hippogriff
  4632 | D:7      | Killed a hippogriff
  4632 | D:7      | Reached skill level 5 in Armour
  4632 | D:7      | Reached XP level 8. HP: 25/65 MP: 8/8
  4646 | D:7      | Reached skill level 7 in Fighting
  4648 | D:7      | Reached skill level 5 in Axes
  4902 | D:7      | Noticed Joseph
  5064 | D:7      | Killed Joseph
  5382 | D:5      | Entered Level 5 of the Dungeon
  5441 | D:5      | Reached ** piety under Makhleb
  5546 | D:5      | Reached XP level 9. HP: 66/74 MP: 9/9
  5630 | D:5      | Reached skill level 8 in Fighting
  5873 | D:4      | Reached skill level 1 in Invocations
  5912 | D:4      | Noticed Grinder
  5935 | D:4      | Killed Grinder
  6364 | D:4      | Noticed Edmund
  6384 | D:4      | Killed Edmund
  7604 | D:5      | Reached XP level 10. HP: 26/82 MP: 12/12
  7923 | D:5      | Reached skill level 9 in Fighting
  8026 | D:5      | Reached *** piety under Makhleb
  8193 | D:5      | Found a hide-covered altar of Uskayaw.
  8490 | D:6      | Found Zin's Purification Station.
  8492 | D:6      | Found a glowing silver altar of Zin.
  8729 | D:6      | Found a snail-covered altar of Cheibriados.
  8983 | D:6      | Noticed Blork the orc
  9001 | D:6      | Killed Blork the orc
  9512 | D:7      | Identified the cursed +1 robe "Vaneot" {*Corrode rC+ Int+2
                  | Dex+7}
  9515 | D:7      | Found an iron altar of Okawaru.
  9566 | D:7      | Found a radiant altar of Vehumet.
  9635 | D:7      | Reached skill level 5 in Invocations
  9765 | D:7      | Reached **** piety under Makhleb
  9774 | D:7      | Bought 2 scrolls of noise for 26 gold pieces
  9774 | D:7      | Bought a scroll of enchant weapon for 97 gold pieces
  9774 | D:7      | Bought a scroll of teleportation for 39 gold pieces
  9774 | D:7      | Bought a scroll of teleportation for 39 gold pieces
  9774 | D:7      | Bought a scroll of teleportation for 39 gold pieces
  9882 | D:7      | Found a staircase to the Ecumenical Temple.
 10185 | D:8      | Reached skill level 5 in Evocations
 10271 | D:8      | Paralysed by fainting for 11 turns
 11113 | D:8      | Reached XP level 11. HP: 40/90 MP: 15/15
 11307 | D:8      | Found Sucup Leotze's Food Boutique.
 11451 | D:8      | Reached ***** piety under Makhleb
 11492 | D:8      | Noticed Maurice
 11555 | D:8      | Killed Maurice
 11555 | D:8      | Reached skill level 10 in Fighting
 11556 | D:8      | Found Vaebaqub's Antique Armour Emporium.
 11660 | D:8      | Found a staircase to the Lair.
 12271 | D:9      | Found a hazy altar of Hepliaklqana.
 12427 | D:9      | Reached skill level 1 in Dodging
 13301 | D:10     | Entered Level 10 of the Dungeon
 13499 | D:10     | Noticed a two-headed ogre
 13963 | D:10     | Killed a two-headed ogre
 14175 | D:10     | Cast into level 1 of the Abyss (orc priest)
 14280 | Abyss:1  | Noticed a worldbinder
 14297 | Abyss:1  | Noticed a starcursed mass
 14439 | Abyss:1  | Noticed a naga warrior
 14469 | Abyss:1  | Killed from afar by a guardian serpent

Skill      XL: |  1  2  3  4  5  6  7  8  9 10 11 |
---------------+----------------------------------+-----
Axes           | 2 3 4 6 |  6.2
Armour         | 3 4 5 6 7 8 9 |  9.7
Fighting       | 6 7 8 9 10 | 10.1
Invocations    | 3 6 7 |  7.0
Evocations     | 3 5 6 |  6.1
Dodging        | 3 |  3.4
Stealth        | |  1.0

Action                   |  1- 3 |  4- 6 |  7- 9 | 10-12 || total
-------------------------+-------+-------+-------+-------++-------
Melee: Hand axe          |    83 |     2 |       |    92 ||   177
       Dagger            |       |   247 |   346 |   862 ||  1455
 Fire: Hunting sling     |       |       |    26 |    95 ||   121
Evoke: Wand              |       |       |     4 |     1 ||     5
  Use: Potion            |       |     3 |     7 |     7 ||    17
       Scroll            |       |     4 |     3 |    11 ||    18
 Stab: Sleeping          |     1 |     1 |       |       ||     2
       Confused          |       |       |       |     1 ||     1
  Eat: Chunk             |     2 |     9 |    11 |    22 ||    44
       Ration            |       |       |       |     5 ||     5
Armor: Robe              |    10 |       |       |       ||    10
       Ring mail         |    19 |   110 |   132 |       ||   261
       Skin              |       |       |     8 |    14 ||    22
       Chain mail        |       |       |    48 |   792 ||   840
Dodge: Dodged            |    38 |   165 |   169 |   416 ||   788
